 Dungeon Crawl Stone Soup version 0.31-b1-17-gcfd88c8481 (webtiles) character file.

Game seed: 12521879892269250312

113 demenzo the Poker (level 4, 0/48 HPs)
             Began as an Oni Gladiator on Jan 15, 2024.
             Succumbed to an adder's poison
             ... on level 3 of the Dungeon.
             The game lasted 00:04:27 (1460 turns).

demenzo the Poker (Oni Gladiator)                   Turns: 1460, Time: 00:04:27

Health: 0/48       AC:  3    Str: 18    XL:     4   Next: 96%
Magic:  4/4        EV: 10    Int:  9    God:
Gold:   153        SH:  0    Dex: 12    Spells: 3/3 levels left

rFire   . . .        a - +0 trident
rCold   . . .        (no shield)
rNeg    . . .        b - +0 robe
rPois   .            c - +0 hat
rElec   .            (no cloak)
rCorr   .            (gloves unavailable)
SInv    .            (boots unavailable)
Will    +....        (no amulet)
Stlth   +            h - ring of willpower
HPRegen 0.28/turn    (no ring)
MPRegen 0.09/turn

%: no passive effects
@: lethally poisoned (0 -> -4), hasted, invisible, very quick
A: large, unfitting armour, horns 1, tough skin 1, double potion healing,
drunken brawling
a: no special abilities


You were on level 3 of the Dungeon.
You visited 1 branch of the dungeon, and saw 3 of its levels.

You collected 153 gold pieces.

Inventory:

Hand Weapons
 a - a +0 trident (weapon)
Missiles
 d - 2 throwing nets (quivered)
 e - 4 large rocks
 i - 2 poisoned darts
Armour
 b - a +0 robe (worn)
 c - a +0 hat (worn)
Jewellery
 h - a ring of willpower (left hand)
Wands
 u - a wand of polymorph (9)
Scrolls
 f - a scroll of vulnerability {unknown}
 j - 2 scrolls of blinking {unknown}
 k - 2 scrolls of noise {unknown}
 l - a scroll of fog {unknown}
 m - 4 scrolls of enchant armour {unknown}
 o - 2 scrolls of poison {unknown}
 q - a scroll of identify {unknown}
 t - 3 scrolls of amnesia {unknown}
Potions
 g - a potion of haste
 p - a potion of brilliance {unknown}
 r - a potion of curing {unknown}
 s - a potion of mutation {unknown}
 v - a potion of degeneration {unknown}


   Skills:
 + Level 4.0 Fighting
 * Level 4.4 Polearms
 - Level 2.0 Throwing
 + Level 3.3 Dodging


You had 3 spell levels left.
You didn't know any spells.
Your spell library contained the following spells:

 Spells                   Type           Power      Damage    Failure   Level
 Apportation              Tloc           0%         N/A       38%         1
 Necrotise                Necr           0%         1d4       38%         1
 Sting                    Conj/Alch      0%         1d3       38%         1
 Summon Small Mammal      Summ           0%         N/A       38%         1
 Blink                    Tloc           0%         N/A       52%         2
 Lesser Beckoning         Tloc           0%         N/A       52%         2
 Momentum Strike          Conj/Tloc      0%         3d8       52%         2
 Olgreb's Toxic Radiance  Alch           0%         N/A       99%         4
 Ozocubu's Refrigeration  Ice            0%         4d7       100%        7
 Discord                  Hex            0%         N/A       100%        8


Dungeon Overview and Level Annotations

Branches:
Dungeon (3/15)

Altars:


Innate Abilities, Weirdness & Mutations

You are too large for most types of armour.
You have a pair of small horns on your head.
You have tough skin. (AC +1)
You gain doubled healing and magic from potions.
Whenever you drink a healing potion, you attack all around you.


Message History

You feel sick. The adder attacks as it pursues you!
The adder bites you but does no damage.
You feel sick.
You feel sick. The adder attacks as it pursues you!
The adder closely misses you.
You feel sick. The adder attacks as it pursues you! The adder bites you.
* * * LOW HITPOINT WARNING * * *
You are more poisoned.
The adder poisons you!
You feel sick. The adder bites you but does no damage.
Throw: 3 throwing nets
Press: ? - help, Q - select action, (/) - cycle Shift-Dir - straight line, f - adder
Aim: an adder (severely wounded, 38% to hit)
You throw a throwing net. The throwing net hits the adder.
The adder is caught in the net!
The adder is severely wounded.
You feel sick.
The adder struggles against the net.
You feel sick.
The adder struggles against the net.
You feel sick.
The adder struggles against the net.
You feel sick.
The adder struggles against the net. x2
You feel sick.
The adder struggles against the net.
The net rips apart, and the adder comes free!
You see here a frilled lizard skeleton.
You feel sick.
You feel sick.
You are no longer poisoned.
The adder attacks as it pursues you! The adder bites you.
* * * LOW HITPOINT WARNING * * *
Items here: ))) [ †.
It was a potion of haste.
You feel yourself speed up. The adder closely misses you.
There is a stone staircase leading up here.
It was a potion of invisibility.
You fade into invisibility!
The adder bites you.
* * * LOW HITPOINT WARNING * * *
You are lethally poisoned!
The adder poisons you!
You can't go down here!
You die...

.#..####S÷.....#.#
.#..Y....###.#.#.###
.#..###### #.#.....#
.#.....# #.###.#.#
.##.##.# #.....#.#
.##..#.# ###S#.###.#
.......# #...#.....#
.......###.#########
........##.....S@#
.....#...#########
.....#.......#
########..##.#
##...># ######


You could see an adder (unable to see you).

Vanquished Creatures
  An orc priest (D:2)
  3 adders (D:2)
  A dart slug (D:1)
  3 orcs (D:3)
  4 ball pythons
  3 endoplasms
  2 giant cockroaches (D:1)
  3 goblins
  3 hobgoblins
  8 jackals
  A quokka (D:2)
  4 bats
  3 frilled lizards
  6 kobolds
  6 rats
51 creatures vanquished.

Notes
Turn   | Place    | Note
-------+----------+-------------------------------------------
     0 | D:1      | demenzo the Oni Gladiator began the quest for the Orb.
     0 | D:1      | Reached XP level 1. HP: 22/22 MP: 1/1
    85 | D:1      | Reached XP level 2. HP: 29/29 MP: 2/2
   572 | D:2      | Reached XP level 3. HP: 29/37 MP: 3/3
   817 | D:2      | Reached XP level 4. HP: 45/45 MP: 4/4
  1414 | D:3      | Noticed an ice beast
  1459 | D:3      | HP: 1/48 [adder (2)]
  1460 | D:3      | Succumbed to an adder's poison

Illustrated notes

Levels and vault maps discovered:
D:1:      dpeg_arrival_prison, layout_rooms, minmay_tetromino_l2
D:2:      layout_rooms, hangedman_abyss_or_decor_lesser_grid
D:3:      wad_lake_hut, layout_basic, uniq_ijyb

Skill      XL: |  1  2  3  4 |
---------------+-------------+-----
Fighting       | 3 4 |  4.0
Dodging        | 3 |  3.3
Polearms       | 4 |  4.4
Throwing       | |  2.0

Action                     |  1- 3 |  4- 6 || total
---------------------------+-------+-------++-------
  Melee: Trident           |    85 |    39 ||   124
         Headbutt          |     6 |     2 ||     8
         Punch             |     1 |     1 ||     2
  Throw: Throwing net      |       |     1 ||     1
    Use: Potion            |       |     2 ||     2
   Stab: Sleeping          |     1 |     1 ||     2
 Armour: Robe              |    43 |    46 ||    89
  Dodge: Dodged            |    33 |    45 ||    78
